 Dungeon Crawl Stone Soup version 0.16-a0-326-g6f2d4d4 (webtiles) character file.

413 PolkaDot the Caller (level 6, -2/41 HPs)
             Began as a Vampire Summoner on Sept 4, 2014.
             Shot with an arrow by a centaur (15 damage)
             ... on Level 5 of the Dungeon.
             The game lasted 00:18:04 (5467 turns).

PolkaDot the Caller (Vampire Summoner)              Turns: 5467, Time: 00:18:05

HP  -2/41        AC  5     Str  7      XL: 6   Next: 59%
MP   5/13        EV 14     Int 19      God:
Gold 250         SH  0     Dex 14      Spells:  3 memorised,  5 levels left

rFire  . . .     SeeInvis +     l - staff of energy
rCold  . . .     Clarity  .     a - +0 robe
rNeg   + . .     rCorr    .     (no shield)
rPois  .         rRot     .     i - +2 hat
rElec  .         Spirit   .     e - +0 cloak (curse)
SustAb .         Warding  .     (no gloves)
rMut   .         Stasis   +     (no boots)
Gourm  .                        h - amulet of stasis
MR     .....                    f - ring of positive energy
                                u - +2 ring of evasion

@: regenerating quickly, not resistant to hostile enchantments, unstealthy
A: bottle blood, fangs 3, see invisible, unbreathing
a: Bottle Blood


You were on level 5 of the Dungeon.
You were very full.

You visited 2 branches of the dungeon, and saw 6 of its levels.

You collected 250 gold pieces.

Inventory:

Armour
 a - a +0 robe (worn)
 e - a cursed +0 cloak (worn)
 i - a +2 hat (worn)
Magical devices
 y - a wand of polymorph (9) {unknown}
Scrolls
 c - a scroll of enchant armour {unknown}
 g - 7 scrolls of identify {unknown}
 k - 2 scrolls of blinking {unknown}
 m - a scroll of immolation {unknown}
 o - a scroll of random uselessness {unknown}
 p - 3 scrolls of enchant weapon {unknown}
 q - a scroll of magic mapping {unknown}
 s - a scroll of noise {unknown}
 v - a scroll of amnesia {unknown}
 x - a scroll of remove curse {unknown}
Jewellery
 f - a ring of positive energy (right hand)
 h - an amulet of stasis (around neck)
 u - a +2 ring of evasion (left hand)
Potions
 d - a potion of brilliance {unknown}
 j - 2 potions of flight {unknown}
 n - 3 potions of might {unknown}
 r - 4 potions of restore abilities {unknown}
 t - a potion of curing
 w - a potion of cancellation {unknown}
 z - a potion of berserk rage {unknown}
Books
 b - a book of Callings

   Spells                             Type                      Level
   *Summon Small Mammal               Summoning                    1
   *Call Imp                          Summoning                    2
   *Call Canine Familiar              Summoning                    3
   Summon Guardian Golem              Hexes/Summoning              4
   Summon Lightning Spire             Summoning/Air                4
   Summon Ice Beast                   Ice/Summoning                4
Magical staves
 l - an uncursed staff of energy (weapon)


   Skills:
 - Level 1.0 Staves
 - Level 2.1 Dodging
 - Level 3.0 Stealth
 + Level 3.1 Spellcasting
 * Level 7.3 Summonings


You had 5 spell levels left.
You knew the following spells:

 Your Spells              Type           Power        Failure   Level  Hunger
a - Summon Small Mammal   Summ           ####         1%          1    None
d - Call Canine Familiar  Summ           ####....     1%          3    None
s - Call Imp              Summ           ####....     1%          2    None


Dungeon Overview and Level Annotations

Branches:
Dungeon (5/15)             Temple (1/1) D:5

Altars:
Ashenzari
Cheibriados
Elyvilon
Gozag
Kikubaaqudgha
Nemelex Xobeh
Okawaru
Trog
Xom
Yredelemnul
Zin
The Shining One


Innate Abilities, Weirdness & Mutations

Your natural rate of healing is unusually fast.
You can bottle blood from corpses.
You have razor-sharp teeth.
You have supernaturally acute eyesight.
You can survive without breathing.


Message History

Your crimson imp closely misses the hound.
Drink which item? (? for menu, Esc to quit)
You feel better. The hound bites your hound.
Your hound bites the bat.
The bat dies!
The centaur wields an uncursed shortbow of flaming.
It bursts into flame!
The centaur shoots an arrow.
The arrow hits your crimson imp!
Your crimson imp dies!
The hound stops to sniff the ground.
The hound barely misses your hound.
Your hound bites the hound.
The centaur unwields an uncursed shortbow of flaming.
It stops flaming.
The centaur hits you!
* * * LOW HITPOINT WARNING * * *
Your hound bites the hound.
The hound dies!
Your crimson imp closely misses the worker ant.
You see here an arrow.
The centaur wields an uncursed shortbow of flaming.
It bursts into flame!
The centaur shoots an arrow.
The arrow hits you!
You die...

....... ..<.. ..... ##.
...# #..# ...# ##..# #
#%h# ..... ... #ac##
...###...# #(5.##
....##...# #@..[####
....#....#### #.......#
.....#.#....####..####...
.......(.........## #
..##.........##++#
#.##...>....##
#.###......##
........##.# .....<#.##.#


You could see a centaur, a worker ant, a friendly hound and a friendly crimson
imp.

Vanquished Creatures
  An iguana (D:5)
  A worker ant (D:5)
  A gnoll (D:4)
  2 adders (D:4)
  A worm (D:4)
  5 giant geckos
  3 orcs
  2 ball pythons
  5 bats
  4 giant cockroaches
  4 goblins
  8 hobgoblins
  7 jackals
  2 quokkas
  4 giant newts
  8 kobolds
  5 rats
63 creatures vanquished.

Vanquished Creatures (collateral kills)
  An ogre (D:5)
  A scorpion (D:5)
  A killer bee (D:4)
  A crimson imp (D:5)
  A hound (D:5)
  A giant frog skeleton (D:4)
  2 iguanas
  2 worker ants (D:4)
  5 adders
  A giant mite (D:1)
  2 worms
  A giant gecko (D:4)
  3 orcs (D:4)
  7 bats
  2 giant cockroaches
  A goblin (D:4)
  5 hobgoblins
  8 jackals
  2 quokkas (D:4)
  A giant newt (D:1)
  2 rats (D:4)
50 creatures vanquished.

Vanquished Creatures (others)
  A crimson imp (D:5)
  2 hounds
  2 white imps
  2 bats (D:1)
  2 rats
9 creatures vanquished.

Grand Total: 122 creatures vanquished

Notes
Turn   | Place    | Note
--------------------------------------------------------------
     0 | D:1      | PolkaDot, the Vampire Summoner, began the quest for the Orb.
     0 | D:1      | Reached XP level 1. HP: 13/13 MP: 3/3
   272 | D:1      | Reached XP level 2. HP: 4/19 MP: 1/4
   760 | D:1      | Learned a level 2 spell: Call Imp
   993 | D:1      | Reached skill level 5 in Summonings
   993 | D:1      | Reached XP level 3. HP: 12/24 MP: 4/6
  1500 | D:2      | Learned a level 3 spell: Call Canine Familiar
  2256 | D:3      | Reached XP level 4. HP: 21/30 MP: 0/7
  2701 | D:3      | Reached skill level 1 in Staves
  3401 | D:4      | Reached skill level 6 in Summonings
  3513 | D:4      | Reached XP level 5. HP: 25/35 MP: 2/9
  3710 | D:4      | Found a snail-covered altar of Cheibriados.
  3907 | D:4      | Found an iron altar of Okawaru.
  3907 | D:4      | Found a bloodstained altar of Trog.
  4117 | D:4      | Found an iron altar of Okawaru.
  4422 | D:5      | Entered Level 5 of the Dungeon
  4505 | D:5      | Found a staircase to the Ecumenical Temple.
  4601 | Temple   | Entered the Ecumenical Temple
  4946 | D:5      | Reached XP level 6. HP: 28/41 MP: 8/11
  4963 | D:5      | Noticed an ogre
  4984 | D:5      | Killed an ogre
  4999 | D:5      | Found a glowing golden altar of the Shining One.
  5041 | D:5      | Reached skill level 7 in Summonings
  5459 | D:5      | Noticed a centaur
  5467 | D:5      | Shot with an arrow by a centaur

Action                   |  1- 3 |  4- 6 || total
-------------------------+-------+-------++-------
Melee: Unarmed           |    58 |       ||    58
       Dagger            |    81 |       ||    81
       Cutlass           |    26 |       ||    26
       Staff             |    15 |   173 ||   188
 Cast: Summon Small Mamm |    19 |     5 ||    24
       Call Imp          |     9 |    29 ||    38
       Call Canine Famil |     3 |    18 ||    21
Evoke: Staff of energy   |       |    14 ||    14
  Use: Potion            |     3 |     2 ||     5
 Stab: Sleeping          |     3 |     2 ||     5
       Distracted        |     1 |     5 ||     6
  Eat: Corpse            |    15 |    24 ||    39
